 Dungeon Crawl Stone Soup version 0.26.1-11-gd32895ea62 (webtiles) character file.

Game seed: 6929415670614567483

3462 Kalagan26 the Geomancer (level 10, -9/60 HPs)
             Began as a Gargoyle Earth Elementalist on June 21, 2021.
             Was a Follower of Kikubaaqudgha.
             Mangled by a two-headed ogre
             ... wielding a +0 giant club
              (17 damage)
             ... on level 8 of the Dungeon.
             The game lasted 01:11:12 (12510 turns).

Kalagan26 the Geomancer (GrEE)                     Turns: 12510, Time: 01:11:13

Health: -9/60      AC: 13    Str: 12    XL:     10   Next: 6%
Magic:  13/21      EV:  9    Int: 19    God:    Kikubaaqudgha [*.....]
Gold:   290        SH:  0    Dex: 10    Spells: 19/24 levels left

rFire    . . .     SeeInvis +   u - +1 dagger (venom)
rCold    . . .     Faith    .   (no shield)
rNeg     + . .     Spirit   .   c - +0 robe
rPois    ∞         Reflect  .   s - +2 helmet
rElec    +         Harm     .   i - +0 cloak
rCorr    .         Rampage  .   (no gloves)
Will     .....                  (no boots)
Stlth    +++.......             v - amulet of the acrobat
HPRegen  0.20/turn              h - ring of see invisible
MPRegen  0.17/turn              o - -4 ring of evasion (curse)

@: no status effects
A: negative energy resistance 1, electricity resistance, unbreathing,
petrification resistance, miasma immunity, AC +7
a: Renounce Religion, Receive Corpses


You were on level 8 of the Dungeon.
You worshipped Kikubaaqudgha.
Kikubaaqudgha was aware of your devotion.
You visited 2 branches of the dungeon, and saw 9 of its levels.
You also visited: Sewer.

You collected 290 gold pieces.

Inventory:

Hand Weapons
 e - a +0 dagger
 u - a +1 dagger of venom (weapon)
 M - the +8 Wrath of Trog {antimagic, *Rage}
   (You took it off a big kobold on level 7 of the Dungeon)

   It reduces the magical energy of the wielder, and disrupts the spells and
   magical abilities of those hit.
   Natural abilities and divine invocations are not affected.
   It may make you go berserk in combat.
Missiles
 b - 6 boomerangs of dispersal
 k - 12 poisoned darts
 G - 53 stones
Armour
 c - a +0 robe (worn)
 i - a +0 cloak (worn)
 m - a +0 helmet
 s - a +2 helmet (worn)
 z - +0 gold dragon scales
Jewellery
 h - a ring of see invisible (left hand)
 o - a cursed -4 ring of evasion (right hand)
 v - an amulet of the acrobat (around neck)
 x - the amulet of Nemelex Xobeh's Esteem {Inacc rN+}
   (You found it on level 4 of the Dungeon)

   [amulet of inaccuracy]

   It reduces the accuracy of all your attacks.
   It protects you from negative energy.
 H - a +4 ring of protection
 N - an uncursed ring of see invisible
 O - an uncursed ring of magical power {unknown}
Wands
 I - a wand of digging (13)
 K - a wand of random effects (17)
Scrolls
 d - 3 scrolls of amnesia {unknown}
 n - 5 scrolls of magic mapping
 p - 3 scrolls of remove curse {unknown}
 q - 3 scrolls of teleportation
 t - 2 scrolls of enchant armour {unknown}
 w - 3 scrolls of fog
 y - a scroll of fear
 A - 2 scrolls of blinking {unknown}
 F - a scroll of random uselessness {unknown}
 J - 3 scrolls of identify
 L - a scroll of immolation {unknown}
Potions
 a - 2 potions of berserk rage {unknown}
 f - a potion of degeneration {unknown}
 g - a potion of lignification {unknown}
 j - 2 potions of flight {unknown}
 l - 6 potions of curing
 r - 2 potions of mutation {unknown}
 B - a potion of heal wounds {unknown}
 C - 3 potions of magic {unknown}
 D - 2 potions of brilliance {unknown}
 E - 4 potions of might {unknown}


   Skills:
 * Level 6.0 Fighting
 - Level 0.2 Short Blades
 + Level 3.7 Dodging
 + Level 4.8 Stealth
 * Level 7.6 Spellcasting
 + Level 4.1 Conjurations
 + Level 3.2 Transmutations
 + Level 8.1 Earth Magic


You had 19 spell levels left.
You knew the following spells:

 Your Spells              Type           Power        Failure   Level
a - Sandblast             Erth           76%          1%          1
b - Stone Arrow           Conj/Erth      60%          2%          3
c - Animate Skeleton      Necr           14%          10%         1

Your spell library contained the following spells:

 Spells                   Type           Power        Failure   Level
 Passwall                 Tmut/Erth      23%          1%          2
 Petrify                  Tmut/Erth      28%          9%          4
 Pain                     Necr           28%          10%         1
 Lee's Rapid Deconstruct  Erth           19%          10%         5
 Corpse Rot               Necr/Air       N/A          14%         2
 Vampiric Draining        Necr           3%           28%         3
 Bolt of Magma            Conj/Fire/Erth 11%          43%         5
 Iskenderun's Battlesphe  Conj           22%          43%         5
 Iron Shot                Conj/Erth      15%          75%         6
 Orb of Destruction       Conj           11%          100%        7
 Spellforged Servitor     Conj/Summ      7%           100%        7


Dungeon Overview and Level Annotations

Branches:
Dungeon (8/15)             Temple (1/1) D:5           Sewer (visited)
   Lair: D:8-11

Altars:
Ashenzari
Cheibriados
Dithmenos
Gozag
Hepliaklqana
Kikubaaqudgha
Makhleb
Nemelex Xobeh
Okawaru
Qazlal
Sif Muna
Trog
Uskayaw
Vehumet
Wu Jian
Yredelemnul
Zin
The Shining One

Shops:
D:6 (**


Innate Abilities, Weirdness & Mutations

You are resistant to torment.
Your stone body is resilient. (AC +7)
You are immune to poison.
You resist negative energy. (rN+)
You are resistant to electric shocks. (rElec)
You can survive without breathing.
You are immune to petrification.
You are immune to miasma.


Message History

The two-headed ogre is severely wounded.
The worker ant barely misses you.
Your orc skeleton barely misses the two-headed ogre.
The two-headed ogre barely misses you.
The two-headed ogre hits you with a +0 giant club!
You feel better.
The worker ant bites you but does no damage.
Your orc skeleton hits the two-headed ogre but does no damage.
You barely miss the two-headed ogre.
The two-headed ogre is severely wounded.
The worker ant barely misses you.
The two-headed ogre hits you with a +0 giant club!
The two-headed ogre hits you with a +0 giant club!!
* * * LOW HITPOINT WARNING * * *
You feel better.
The worker ant bites you but does no damage.
Your orc skeleton barely misses the two-headed ogre.
The two-headed ogre hits you with a +0 giant club!
You die...
Kikubaaqudgha rasps: "You have failed me!
Welcome... oblivion!"

#.# #.# #.# #>#
#.# #B#
#.##########.##
#.#...B.......#
#.)..ZO@†......
###.########..#
#.....# #..)..#
.............#
#####.....##.#
#.....# #
###.### #..


You could see a two-headed ogre (very poisoned), a worker ant and a friendly orc
skeleton.

Vanquished Creatures
  A wizard (D:7)
  A troll (D:7)
  Grinder (D:3)
  An ice beast (D:7)
  A black bear (D:7)
  A sky beast (D:7)
  A centaur (D:7)
  An ogre (D:6)
  A necrophage (D:7)
  6 bullfrogs
  A big kobold (D:7)
  A water moccasin zombie (D:6)
  A scorpion (D:4)
  6 killer bees
  2 centaur zombies
  4 hounds
  A jelly (D:6)
  2 orc priests
  12 orc wizards
  4 iguanas
  Natasha (twice) (D:2)
  4 worker ants
  A hound skeleton (D:7)
  Robin (D:3)
  2 worker ant zombies
  13 adders
  A gnoll (D:6)
  6 river rats (Sewer)
  2 oozes
  4 worms
  3 dart slugs
  5 leopard geckos
  27 orcs
  5 giant cockroaches
  12 goblins
  13 hobgoblins
  9 jackals
  4 quokkas
  12 ball pythons
  7 bats
  7 frilled lizards
  7 kobolds
  A leopard gecko zombie (D:7)
  32 rats
229 creatures vanquished.

Notes
Turn   | Place    | Note
-------+----------+-------------------------------------------
     0 | D:1      | Kalagan26 the Gargoyle Earth Elementalist began the quest
                  | for the Orb.
     0 | D:1      | Reached XP level 1. HP: 10/10 MP: 3/3
   554 | D:1      | Reached XP level 2. HP: 15/15 MP: 1/5
   877 | D:1      | Reached skill level 4 in Earth Magic
   940 | D:1      | Reached skill level 1 in Transmutations
  1546 | D:2      | Reached XP level 3. HP: 20/20 MP: 4/6
  1778 | D:2      | Reached skill level 1 in Fighting
  2358 | D:2      | Noticed Natasha
  2381 | D:2      | Killed Natasha
  2382 | D:2      | Reached XP level 4. HP: 8/25 MP: 0/7
  2718 | D:2      | Noticed Natasha
  2749 | D:2      | Killed Natasha
  2984 | D:3      | Reached XP level 5. HP: 30/30 MP: 7/9
  3597 | D:3      | Found a broken altar of Ashenzari.
  3648 | D:3      | Reached skill level 5 in Earth Magic
  3813 | D:3      | Noticed Robin
  3830 | D:3      | Killed Robin
  4073 | D:3      | Found a sparkling altar of Nemelex Xobeh.
  4226 | D:3      | Noticed Grinder
  4232 | D:3      | Paralysed by Grinder for 6 turns
  4246 | D:3      | Killed Grinder
  4247 | D:3      | Reached XP level 6. HP: 32/36 MP: 4/11
  4459 | D:4      | Reached XP level 7. HP: 38/40 MP: 10/12
  4472 | D:4      | Got a scorched amethyst amulet
  4781 | D:4      | Found a glowing drain.
  4786 | D:4      | Reached skill level 6 in Earth Magic
  4953 | D:4      | Identified the amulet of Nemelex Xobeh's Esteem {Inacc rN+}
                  | (You found it on level 4 of the Dungeon)
  5054 | Sewer    | Entered a sewer
  6031 | Sewer    | Reached XP level 8. HP: 18/46 MP: 3/15
  6492 | D:5      | Entered Level 5 of the Dungeon
  6759 | D:5      | Found a staircase to the Ecumenical Temple.
  6769 | Temple   | Entered the Ecumenical Temple
  7039 | D:4      | Learned a level 3 spell: Stone Arrow
  7137 | D:5      | Reached skill level 5 in Spellcasting
  7562 | D:5      | Found an ancient bone altar of Kikubaaqudgha.
  7721 | D:5      | Became a worshipper of Kikubaaqudgha
  8567 | D:6      | Found Paolar's Antique Weapon Shop.
  8591 | D:6      | Reached skill level 7 in Earth Magic
  8942 | D:6      | Reached skill level 1 in Conjurations
  9215 | D:6      | Found Xoissoat's Assorted Antiques.
  9299 | D:6      | Found Duipetzu's General Store.
  9704 | D:7      | Noticed a troll
  9956 | D:7      | Reached XP level 9. HP: 44/52 MP: 4/18
 10508 | D:7      | Found a shimmering blue altar of Sif Muna.
 10708 | D:7      | Reached skill level 5 in Fighting
 11070 | D:7      | Killed a troll
 11278 | D:7      | Noticed a wizard
 11289 | D:7      | Killed a wizard
 11289 | D:7      | Reached * piety under Kikubaaqudgha
 11289 | D:7      | Identified Kikubaaqudgha's Reference Book on Stolen Souls
                  | (Kikubaaqudgha gifted it to you on level 7 of the Dungeon)
 11289 | D:7      | Received a gift from Kikubaaqudgha
 11403 | D:7      | Learned a level 1 spell: Animate Skeleton
 11790 | D:7      | Reached skill level 8 in Earth Magic
 11804 | D:7      | Noticed a moth of wrath
 11808 | D:7      | Found a bloodstained altar of Trog.
 12068 | D:7      | Reached XP level 10. HP: 30/60 MP: 7/21
 12469 | D:8      | Noticed a two-headed ogre
 12509 | D:8      | HP: 2/60 [two-headed ogre/+0 giant club (20)]
 12510 | D:8      | Mangled by a two-headed ogre

Illustrated notes

Levels and vault maps discovered:
D:1:      sevenhm_arrival_forest_fort_large_2, layout_basic
D:2:      layout_loops_ring, uniq_natasha
D:3:      layout_basic, general_overflow_altar, evilmike_ruin_ashenzari,
          uniq_sigmund, uniq_robin, uniq_grinder
D:4:      layout_basic, cheibrodos_sewer_entry_drain
D:5:      layout_gridville, lemuel_crystal_altar, minmay_temple_entry_glass
D:6:      layout_layer_cave, serial_shops, shop, kennysheep_mini_moat,
          nicolae_shop_trees
D:7:      cheibrodos_fzero, layout_basic, led_sif_pool,
          nicolae_ru_path_of_blood, tgw_trog
D:8:      layout_loops_ring, serial_glass, glass_columns_b, glass_columns_a,
          minmay_misc_feat_rugged, minivault_25
Temple:   regret_index_temple_generic_petals

Skill      XL: |  1  2  3  4  5  6  7  8  9 10 |
---------------+-------------------------------+-----
Earth Magic    | 4 5 6 7 8 |  8.1
Transmutations | 1 2 3 |  3.2
Fighting       | 1 2 3 4 5 6 |  6.0
Spellcasting   | 3 4 6 7 |  7.6
Dodging        | 2 3 |  3.7
Stealth        | 3 4 |  4.8
Conjurations   | 1 4 |  4.1
Short Blades   | |  0.2

Action                   |  1- 3 |  4- 6 |  7- 9 | 10-12 || total
-------------------------+-------+-------+-------+-------++-------
Melee: Dagger            |    52 |    63 |   251 |    20 ||   386
 Cast: Sandblast         |    38 |    46 |    94 |       ||   178
       Stone Arrow       |       |       |    88 |    11 ||    99
       Animate Skeleton  |       |       |       |     1 ||     1
  Use: Scroll            |     4 |       |     4 |       ||     8
       Potion            |       |     1 |       |     2 ||     3
 Stab: Sleeping          |     2 |     1 |     6 |       ||     9
       Distracted        |       |       |     1 |       ||     1
Armor: Robe              |    33 |    44 |   187 |    19 ||   283
Dodge: Dodged            |    37 |    37 |   206 |    17 ||   297
